[Event "2023 IBCA European Team Championship for the Blind and Visually Impaired"]
[Site "Genoa, Italy"]
[Date "2023.04.27"]
[Round "7"]
[White "Berisha, Xhafer"]
[Black "Bursuc, Mihai"]
[Result "0-1"]
[Time "15:00:00"]
[UTCTime "13:00:00"]
[UTCDate "2023.04.27"]
[Board "6.4"]
[WhiteTeam "Kosovo"]
[BlackTeam "Romania"]
[WhiteCountry "KOS"]
[BlackCountry "ROU"]
[WhiteTitle "-"]
[BlackTitle "-"]
[WhiteElo "1448"]
[BlackElo "1808"]
[TimeControl "5400+30"]
[Opening "King's Indian defence, 3.Nc3"]
[ECO "E61"]
[PlyCount "76"]
[EventDate "2023.04.20"]
[EventType "team"]
[EventRounds "9"]
[EventCountry "ITA"]
[Annotator "Vrioni, Bersan"]

1. d4 Nf6 2. c4 g6 3. Nc3 Bg7 4. Bf4 d6 5. e4 O-O 6. Nf3 Nh5 7. Be3 c6 8. Be2
Nd7 9. Qc2 Nhf6 10. Rd1 Qc7 11. O-O Ng4 12. Bf4 e5 13. Bg3 Re8 14. h3 Nh6 15.
Qd2 f5 16. Ng5 exd4 17. Na4 c5 18. b3 Ne5 19. Nb2 b6 20. Rfe1 Bb7 21. Bxe5 dxe5
22. Bf3 f4 23. g3 Nf7 24. Nxf7 Qxf7 25. g4 h5 26. gxh5 gxh5 27. Kf1 Qg6 28. Qe2
Bc8 29. Qd3 Bxh3+ 30. Ke2 Bg4 31. Kd2 Kf7 32. Rg1 Rg8 33. Rg2 Qe6 34. Bxg4 hxg4
35. Rdg1 Bf6 36. Qe2 f3 37. Rxg4 fxe2 38. Rxg8 Rxg8 0-1

[Event "2023 IBCA European Team Championship for the Blind and Visually Impaired"]
[Site "Genoa, Italy"]
[Date "2023.04.27"]
[Round "7"]
[White "Deville, Olivier"]
[Black "Kostadinovski, Zoran"]
[Result "0-1"]
[Time "15:00:00"]
[UTCTime "13:00:00"]
[UTCDate "2023.04.27"]
[Board "7.2"]
[WhiteTeam "France"]
[BlackTeam "North Macedonia"]
[WhiteCountry "FRA"]
[BlackCountry "MKD"]
[WhiteTitle "-"]
[BlackTitle "-"]
[WhiteElo "1770"]
[BlackElo "1907"]
[TimeControl "5400+30"]
[Opening "Queen's pawn game"]
[ECO "E10"]
[PlyCount "42"]
[EventDate "2023.04.20"]
[EventType "team"]
[EventRounds "9"]
[EventCountry "ITA"]
[Annotator "Vrioni, Bersan"]

1. d4 Nf6 2. c4 e6 3. Nf3 d5 4. g3 Bb4+ 5. Bd2 Be7 6. Bg2 Nbd7 7. O-O O-O 8. Qc2
Ne4 9. Bf4 g5 10. Qxe4 Nf6 11. Nc3 c6 12. Rac1 Kh8 13. a3 Rg8 14. Nxg5 Qd7 15.
Nxe6 Qxe6 16. Rfe1 Nxe4 17. Nxe4 f5 18. e3 Rg5 19. b4 Qd7 20. Bf1 Qc7 21. Kg2
Rg8 0-1

[Event "2023 IBCA European Team Championship for the Blind and Visually Impaired"]
[Site "Genoa, Italy"]
[Date "2023.04.28"]
[Round "8"]
[White "Dimic, Pavle"]
[Black "Pribeanu, Mihail-Dacian"]
[Result "1-0"]
[Time "15:00:00"]
[UTCTime "13:00:00"]
[UTCDate "2023.04.28"]
[Board "1.1"]
[WhiteTeam "Serbia"]
[BlackTeam "Romania"]
[WhiteCountry "SRB"]
[BlackCountry "ROU"]
[WhiteTitle "FM"]
[BlackTitle "FM"]
[WhiteElo "2349"]
[BlackElo "2130"]
[TimeControl "5400+30"]
[Opening "Modern defence"]
[ECO "A40"]
[PlyCount "109"]
[EventDate "2023.04.20"]
[EventType "team"]
[EventRounds "9"]
[EventCountry "ITA"]
[Annotator "Vrioni, Bersan"]

1. d4 g6 2. c4 Nf6 3. Nf3 Bg7 4. g3 d6 5. Bg2 O-O 6. O-O c6 7. Nc3 Bf5 8. Re1
Ne4 9. Qb3 Nxc3 10. bxc3 Bc8 11. e4 c5 12. d5 Qa5 13. e5 Bg4 14. Bg5 Nd7 15.
Bxe7 Bxf3 16. Bxf8 Rxf8 17. Bxf3 Bxe5 18. Rac1 Nb6 19. Bg2 Rd8 20. f4 Bf6 21.
Re3 Kg7 22. Bf1 Rd7 23. Kg2 Re7 24. Rxe7 Bxe7 25. Kf3 Bf6 26. Ke3 h6 27. Kd3 Qa6
28. Bg2 Qa5 29. Bf3 Kg8 30. Bd1 Qa6 31. a4 Nxd5 32. Qb5 Nc7 33. Qxa6 Nxa6 34.
Bf3 b6 35. Re1 Nc7 36. Bc6 Bd8 37. Ra1 Ne6 38. Ke4 Kf8 39. Kd5 Bf6 40. Kxd6 Bxc3
41. Rc1 Bb4 42. Rf1 Nd4 43. g4 Bd2 44. f5 g5 45. h3 Bf4+ 46. Kd7 Kg7 47. Re1 Kf6
48. Re8 h5 49. Bd5 h4 50. Re7 Bd2 51. Rxf7+ Ke5 52. Re7+ Kf6 53. Re6+ Kg7 54.
f6+ Kg6 55. f7+ 1-0

[Event "2023 IBCA European Team Championship for the Blind and Visually Impaired"]
[Site "Genoa, Italy"]
[Date "2023.04.28"]
[Round "8"]
[White "Dima, Mihai"]
[Black "Jandric, Damjan"]
[Result "0-1"]
[Time "15:00:00"]
[UTCTime "13:00:00"]
[UTCDate "2023.04.28"]
[Board "1.2"]
[WhiteTeam "Romania"]
[BlackTeam "Serbia"]
[WhiteCountry "ROU"]
[BlackCountry "SRB"]
[WhiteTitle "-"]
[BlackTitle "CM"]
[WhiteElo "1944"]
[BlackElo "2110"]
[TimeControl "5400+30"]
[Opening "Sicilian"]
[Variation "Najdorf"]
[ECO "B90"]
[PlyCount "58"]
[EventDate "2023.04.20"]
[EventType "team"]
[EventRounds "9"]
[EventCountry "ITA"]
[Annotator "Vrioni, Bersan"]

1. e4 c5 2. Nf3 d6 3. d4 cxd4 4. Nxd4 Nf6 5. Nc3 a6 6. a4 e5 7. Nb3 Be7 8. Be2
O-O 9. Be3 Be6 10. O-O Nbd7 11. a5 Qc7 12. Qd2 Rfc8 13. Rfd1 Qc6 14. Bf3 b5 15.
axb6 Nxb6 16. Bxb6 Qxb6 17. Nd5 Nxd5 18. exd5 Bf5 19. Rdc1 h6 20. Qa5 Qb8 21.
Bd1 Bg5 22. c4 Bxc1 23. Rxc1 Bd3 24. c5 dxc5 25. Rxc5 Rxc5 26. Qxc5 Qb5 27. Qc6
Rd8 28. Nc5 Qxc6 29. dxc6 Bb5 0-1

[Event "2023 IBCA European Team Championship for the Blind and Visually Impaired"]
[Site "Genoa, Italy"]
[Date "2023.04.28"]
[Round "8"]
[White "Janjic, Stefan"]
[Black "Morariu, Ionel"]
[Result "1-0"]
[Time "15:00:00"]
[UTCTime "13:00:00"]
[UTCDate "2023.04.28"]
[Board "1.3"]
[WhiteTeam "Serbia"]
[BlackTeam "Romania"]
[WhiteCountry "SRB"]
[BlackCountry "ROU"]
[WhiteTitle "-"]
[BlackTitle "-"]
[WhiteElo "2089"]
[BlackElo "1914"]
[TimeControl "5400+30"]
[Opening "Queen's pawn game"]
[ECO "A46"]
[PlyCount "41"]
[EventDate "2023.04.20"]
[EventType "team"]
[EventRounds "9"]
[EventCountry "ITA"]
[Annotator "Vrioni, Bersan"]

1. d4 Nf6 2. Nf3 d6 3. c4 Nbd7 4. Nc3 c6 5. g3 e5 6. Bg2 Be7 7. Qc2 O-O 8. O-O
Qc7 9. h3 Re8 10. Be3 Bf8 11. Rac1 Nb6 12. b3 Nbd7 13. Rfd1 Be7 14. b4 exd4 15.
Nxd4 Ne5 16. Qb3 g6 17. f4 Ned7 18. Bf2 a5 19. a3 Bf8 20. Rc2 axb4 21. axb4 1-0

[Event "2023 IBCA European Team Championship for the Blind and Visually Impaired"]
[Site "Genoa, Italy"]
[Date "2023.04.28"]
[Round "8"]
[White "Bursuc, Mihai"]
[Black "Bjelanovic, Mile"]
[Result "1/2-1/2"]
[Time "15:00:00"]
[UTCTime "13:00:00"]
[UTCDate "2023.04.28"]
[Board "1.4"]
[WhiteTeam "Romania"]
[BlackTeam "Serbia"]
[WhiteCountry "ROU"]
[BlackCountry "SRB"]
[WhiteTitle "-"]
[BlackTitle "-"]
[WhiteElo "1808"]
[BlackElo "2059"]
[TimeControl "5400+30"]
[Opening "Sicilian"]
[Variation "Canal-Sokolsky attack, 3...Bd7"]
[ECO "B52"]
[PlyCount "37"]
[EventDate "2023.04.20"]
[EventType "team"]
[EventRounds "9"]
[EventCountry "ITA"]
[Annotator "Vrioni, Bersan"]

1. e4 c5 2. Nf3 d6 3. Bb5+ Bd7 4. Bxd7+ Nxd7 5. O-O Ngf6 6. Qe2 e6 7. c3 Be7 8.
d4 cxd4 9. cxd4 d5 10. e5 Ne4 11. Nbd2 Nxd2 12. Bxd2 Qb6 13. a3 a5 14. Bc3 a4
15. Ne1 O-O 16. Nd3 Rfc8 17. Kh1 Rc6 18. f4 Nf8 19. f5 1/2-1/2

[Event "2023 IBCA European Team Championship for the Blind and Visually Impaired"]
[Site "Genoa, Italy"]
[Date "2023.04.28"]
[Round "8"]
[White "Streltsov, Alexey"]
[Black "Tazbir, Marcin"]
[Result "1/2-1/2"]
[Time "15:00:00"]
[UTCTime "13:00:00"]
[UTCDate "2023.04.28"]
[Board "2.1"]
[WhiteTeam "Israel"]
[BlackTeam "Poland"]
[WhiteCountry "ISR"]
[BlackCountry "POL"]
[WhiteTitle "FM"]
[BlackTitle "GM"]
[WhiteElo "2326"]
[BlackElo "2503"]
[TimeControl "5400+30"]
[Opening "Queen's pawn game"]
[ECO "A45"]
[PlyCount "64"]
[EventDate "2023.04.20"]
[EventType "team"]
[EventRounds "9"]
[EventCountry "ITA"]
[Annotator "Vrioni, Bersan"]

1. d4 Nf6 2. Nc3 d5 3. Bf4 c5 4. e4 Nxe4 5. Nxe4 dxe4 6. dxc5 Qa5+ 7. c3 Qxc5 8.
Qa4+ Nc6 9. Qxe4 g6 10. Nf3 Bg7 11. Qe3 Qxe3+ 12. Bxe3 O-O 13. h3 Rd8 14. Bc4
Na5 15. Be2 Be6 16. O-O Nc4 17. Bxc4 Bxc4 18. Rfd1 Bd5 19. Nd4 Rac8 20. Nb5 a6
21. Na3 Kf8 22. Bd4 Bxd4 23. Rxd4 e5 24. Rd2 Be6 25. Re2 Rd6 26. Rae1 Bxa2 27.
Rxe5 Rd2 28. R1e2 Rxe2 29. Rxe2 Rd8 30. f4 b5 31. Kf2 Rd1 32. Re1 Rd2+ 1/2-1/2

[Event "2023 IBCA European Team Championship for the Blind and Visually Impaired"]
[Site "Genoa, Italy"]
[Date "2023.04.28"]
[Round "8"]
[White "Stachanczyk, Jacek"]
[Black "Radovilsky, Yan"]
[Result "1-0"]
[Time "15:00:00"]
[UTCTime "13:00:00"]
[UTCDate "2023.04.28"]
[Board "2.2"]
[WhiteTeam "Poland"]
[BlackTeam "Israel"]
[WhiteCountry "POL"]
[BlackCountry "ISR"]
[WhiteTitle "IM"]
[BlackTitle "-"]
[WhiteElo "2159"]
[BlackElo "2014"]
[TimeControl "5400+30"]
[Opening "Sicilian"]
[Variation "Taimanov (Bastrikov) variation"]
[ECO "B47"]
[PlyCount "69"]
[EventDate "2023.04.20"]
[EventType "team"]
[EventRounds "9"]
[EventCountry "ITA"]
[Annotator "Vrioni, Bersan"]

1. e4 c5 2. Nf3 e6 3. d4 cxd4 4. Nxd4 Nc6 5. Nc3 Qc7 6. Qd3 Nf6 7. Ndb5 Qb8 8.
Qg3 d6 9. Be3 a6 10. Nd4 h5 11. f3 Bd7 12. O-O-O Ne5 13. f4 h4 14. Qe1 Neg4 15.
Bg1 e5 16. fxe5 Nxe5 17. Nf3 h3 18. Nxe5 dxe5 19. gxh3 Bb4 20. a3 Be7 21. Qg3 g6
22. Nd5 Nxe4 23. Qe1 Bf5 24. Bg2 Bg5+ 25. Kb1 Nf6 26. Bc5 Nxd5 27. Rxd5 Be6 28.
Rxe5 Be7 29. Rxe6 fxe6 30. Qxe6 Qc7 31. Qxg6+ Kd8 32. Rd1+ Kc8 33. Qe6+ Kb8 34.
Bxe7 Re8 35. Rd7 1-0

[Event "2023 IBCA European Team Championship for the Blind and Visually Impaired"]
[Site "Genoa, Italy"]
[Date "2023.04.28"]
[Round "8"]
[White "Alon, Levi"]
[Black "Dukaczewski, Piotr"]
[Result "1/2-1/2"]
[Time "15:00:00"]
[UTCTime "13:00:00"]
[UTCDate "2023.04.28"]
[Board "2.3"]
[WhiteTeam "Israel"]
[BlackTeam "Poland"]
[WhiteCountry "ISR"]
[BlackCountry "POL"]
[WhiteTitle "-"]
[BlackTitle "IM"]
[WhiteElo "1668"]
[BlackElo "2091"]
[TimeControl "5400+30"]
[Opening "Sicilian defence"]
[ECO "B40"]
[PlyCount "42"]
[EventDate "2023.04.20"]
[EventType "team"]
[EventRounds "9"]
[EventCountry "ITA"]
[Annotator "Vrioni, Bersan"]

1. e4 c5 2. Nf3 e6 3. b4 cxb4 4. d4 b6 5. Bd3 Bb7 6. O-O Nf6 7. Re1 Be7 8. a3
bxa3 9. Bxa3 Nc6 10. c4 Bxa3 11. Nxa3 d6 12. d5 Ne5 13. Nd4 Nxd3 14. Qxd3 e5 15.
Nf5 g6 16. Nh6 Qe7 17. f4 Nd7 18. Nb5 Nc5 19. Qc3 a6 20. fxe5 dxe5 21. d6 Qg5
1/2-1/2

[Event "2023 IBCA European Team Championship for the Blind and Visually Impaired"]
[Site "Genoa, Italy"]
[Date "2023.04.28"]
[Round "8"]
[White "Kolpakov, Vladyslav"]
[Black "Nizam, Rasim"]
[Result "0-1"]
[Time "15:00:00"]
[UTCTime "13:00:00"]
[UTCDate "2023.04.28"]
[Board "3.1"]
[WhiteTeam "Ukraine"]
[BlackTeam "Bulgaria"]
[WhiteCountry "UKR"]
[BlackCountry "BUL"]
[WhiteTitle "-"]
[BlackTitle "IM"]
[WhiteElo "2248"]
[BlackElo "2176"]
[TimeControl "5400+30"]
[Opening "French"]
[Variation "advance variation"]
[ECO "C02"]
[PlyCount "66"]
[EventDate "2023.04.20"]
[EventType "team"]
[EventRounds "9"]
[EventCountry "ITA"]
[Annotator "Vrioni, Bersan"]

1. e4 e6 2. d4 d5 3. e5 c5 4. c3 Qb6 5. Nf3 Nc6 6. a3 c4 7. g3 Na5 8. Nbd2 Bd7
9. Bh3 Be7 10. O-O Nh6 11. Ne1 Nf5 12. Ng2 O-O-O 13. f4 h5 14. Nf3 Nb3 15. Rb1
g6 16. Be3 Kb8 17. Qe2 a5 18. Bf2 Ka8 19. Qe1 Rdf8 20. Ne3 Qd8 21. g4 hxg4 22.
Bxg4 Rh7 23. Bxf5 gxf5 24. Ng2 Rfh8 25. Bg3 Qg8 26. Rf2 Rh3 27. Re2 Qg4 28. Re3
Qh5 29. Kf1 Rg8 30. Ng1 Rxh2 31. Bxh2 Qxh2 32. Qf2 Rxg2 33. Qxg2 Nd2+ 0-1

[Event "2023 IBCA European Team Championship for the Blind and Visually Impaired"]
[Site "Genoa, Italy"]
[Date "2023.04.28"]
[Round "8"]
[White "Ivanov, Ljubomir"]
[Black "Shepelev, Igor"]
[Result "0-1"]
[Time "15:00:00"]
[UTCTime "13:00:00"]
[UTCDate "2023.04.28"]
[Board "3.2"]
[WhiteTeam "Bulgaria"]
[BlackTeam "Ukraine"]
[WhiteCountry "BUL"]
[BlackCountry "UKR"]
[WhiteTitle "-"]
[BlackTitle "-"]
[WhiteElo "1768"]
[BlackElo "2076"]
[TimeControl "5400+30"]
[Opening "King's Indian"]
[Variation "London system"]
[ECO "A48"]
[PlyCount "66"]
[EventDate "2023.04.20"]
[EventType "team"]
[EventRounds "9"]
[EventCountry "ITA"]
[Annotator "Vrioni, Bersan"]

1. d4 Nf6 2. Nf3 g6 3. Bf4 Bg7 4. Nc3 d5 5. Qd2 Ne4 6. Nxe4 dxe4 7. Ne5 b5 8. e3
a6 9. Qc3 Bb7 10. Qb3 O-O 11. h3 Kh8 12. Nxf7+ Rxf7 13. Qxf7 Bd5 14. Bxc7 Qd7
15. Qf4 Nc6 16. Bb6 Nb4 17. Kd1 e5 18. Qg4 Be6 19. Qxe4 Rc8 20. c3 Nd5 21. Ba5
exd4 22. exd4 Bf5 23. Qf3 b4 24. Bxb4 Nxb4 25. g4 Bc2+ 26. Ke1 Re8+ 27. Be2 Be4
28. Qg3 Bxh1 29. cxb4 Qxd4 30. Kf1 Qxb2 31. Re1 Bc3 32. Qd3 Bxe1 33. Kxe1 Bf3 0-1

[Event "2023 IBCA European Team Championship for the Blind and Visually Impaired"]
[Site "Genoa, Italy"]
[Date "2023.04.28"]
[Round "8"]
[White "Zsiltzova-Lisenko, Lubov"]
[Black "Patev, Petko"]
[Result "1-0"]
[Time "15:00:00"]
[UTCTime "13:00:00"]
[UTCDate "2023.04.28"]
[Board "3.3"]
[WhiteTeam "Ukraine"]
[BlackTeam "Bulgaria"]
[WhiteCountry "UKR"]
[BlackCountry "BUL"]
[WhiteTitle "WIM"]
[BlackTitle "-"]
[WhiteElo "2151"]
[BlackElo "1796"]
[TimeControl "5400+30"]
[Opening "Philidor"]
[Variation "Hanham, Schlechter variation"]
[ECO "C41"]
[PlyCount "56"]
[EventDate "2023.04.20"]
[EventType "team"]
[EventRounds "9"]
[EventCountry "ITA"]
[Annotator "Vrioni, Bersan"]

1. e4 e5 2. Nf3 d6 3. d4 Nd7 4. Bc4 c6 5. Nc3 Be7 6. a4 a5 7. Be3 h6 8. h3 Qc7
9. O-O Nf8 10. Re1 g5 11. dxe5 dxe5 12. Nxe5 Ne6 13. Nf3 Nf6 14. Nd4 Ng7 15. Qe2
O-O 16. g4 h5 17. Nf5 Bxf5 18. gxf5 Nh7 19. Bd4 Qf4 20. Qe3 Qxe3 21. Bxe3 Kh8
22. Rad1 Rad8 23. Bb6 Rxd1 24. Rxd1 Bf6 25. Bxa5 Ra8 26. Bb6 g4 27. hxg4 hxg4
28. Bd4 Ng5 1-0

[Event "2023 IBCA European Team Championship for the Blind and Visually Impaired"]
[Site "Genoa, Italy"]
[Date "2023.04.28"]
[Round "8"]
[White "Stoykov, Stoyan"]
[Black "Yatsishin, Ivan"]
[Result "0-1"]
[Time "15:00:00"]
[UTCTime "13:00:00"]
[UTCDate "2023.04.28"]
[Board "3.4"]
[WhiteTeam "Bulgaria"]
[BlackTeam "Ukraine"]
[WhiteCountry "BUL"]
[BlackCountry "UKR"]
[WhiteTitle "-"]
[BlackTitle "-"]
[WhiteElo "1716"]
[BlackElo "2049"]
[TimeControl "5400+30"]
[Opening "Alekhine's defence"]
[Variation "two pawns' (Lasker's) attack"]
[ECO "B02"]
[PlyCount "116"]
[EventDate "2023.04.20"]
[EventType "team"]
[EventRounds "9"]
[EventCountry "ITA"]
[Annotator "Vrioni, Bersan"]

1. e4 Nf6 2. e5 Nd5 3. c4 Nb6 4. c5 Nd5 5. Nc3 e6 6. d4 d6 7. Nxd5 exd5 8. cxd6
cxd6 9. Nf3 Nc6 10. Be2 Be7 11. O-O O-O 12. Bf4 a6 13. exd6 Bxd6 14. Bxd6 Qxd6
15. Qb3 Re8 16. Rfe1 Bg4 17. Rad1 Re7 18. h3 Bh5 19. g4 Bg6 20. Bd3 Rae8 21.
Rxe7 Rxe7 22. Bxg6 hxg6 23. Kg2 b5 24. Qc3 Nd8 25. a3 f6 26. Qc5 Rd7 27. Rc1 g5
28. Qc8 Kf7 29. Qa8 Qb6 30. Rc5 Ke6 31. h4 gxh4 32. Nxh4 g5 33. Nf5 Qb7 34. Qxb7
Rxb7 35. b4 Rd7 36. f4 gxf4 37. Kf3 Kf7 38. Kxf4 Ne6+ 39. Ke3 Nxc5 40. dxc5 Rc7
41. Kd4 Ke6 42. Ne3 Rc8 43. Nf5 Rg8 44. Ne3 Rg7 45. c6 Rg5 46. c7 Kd7 47. Nxd5
Rxg4+ 48. Kc5 Rc4+ 49. Kb6 Rc6+ 50. Kb7 Kd6 51. Nxf6 Rxc7+ 52. Kxa6 Kc6 53. Ne4
Rc8 54. Ka7 Re8 55. Nc5 Re3 56. a4 bxa4 57. Ka6 a3 58. Na4 a2 0-1

[Event "2023 IBCA European Team Championship for the Blind and Visually Impaired"]
[Site "Genoa, Italy"]
[Date "2023.04.28"]
[Round "8"]
[White "Asllani, Muhamet"]
[Black "Eichstaedt, Mirko"]
[Result "1/2-1/2"]
[Time "15:00:00"]
[UTCTime "13:00:00"]
[UTCDate "2023.04.28"]
[Board "4.1"]
[WhiteTeam "Kosovo"]
[BlackTeam "Germany"]
[WhiteCountry "KOS"]
[BlackCountry "GER"]
[WhiteTitle "-"]
[BlackTitle "CM"]
[WhiteElo "2238"]
[BlackElo "2241"]
[TimeControl "5400+30"]
[Opening "Scotch gambit"]
[ECO "C44"]
[PlyCount "97"]
[EventDate "2023.04.20"]
[EventType "team"]
[EventRounds "9"]
[EventCountry "ITA"]
[Annotator "Vrioni, Bersan"]

1. e4 e5 2. Nf3 Nc6 3. d4 exd4 4. Bc4 Bc5 5. c3 Nf6 6. e5 d5 7. Bb5 Ne4 8. cxd4
Bb6 9. h3 Bd7 10. Be2 f6 11. O-O fxe5 12. dxe5 Be6 13. Nc3 Qd7 14. Nxe4 dxe4 15.
Ng5 Nxe5 16. Nxe4 Qxd1 17. Rxd1 O-O 18. Be3 Bxe3 19. fxe3 Rae8 20. Rf1 Bc4 21.
Rxf8+ Kxf8 22. Kf2 Bxe2 23. Kxe2 Nc4 24. Rf1+ Kg8 25. Rf4 Nxb2 26. Nc5 b5 27.
Rb4 Nc4 28. Rxb5 Rxe3+ 29. Kf2 Ra3 30. Rb8+ Kf7 31. Rb7 Rxa2+ 32. Kf3 Ne5+ 33.
Kg3 Rc2 34. Na6 g5 35. Rxa7 Ra2 36. Rxc7+ Kg6 37. Nb4 Rb2 38. Nc6 Nd3 39. Ne7+
Kf6 40. Nd5+ Ke6 41. Ne3 h5 42. h4 gxh4+ 43. Kxh4 Nf4 44. Rc6+ Kd7 45. Rc4 Nxg2+
46. Nxg2 Rxg2 47. Kxh5 Ke6 48. Rg4 Rxg4 49. Kxg4 1/2-1/2

[Event "2023 IBCA European Team Championship for the Blind and Visually Impaired"]
[Site "Genoa, Italy"]
[Date "2023.04.28"]
[Round "8"]
[White "Schellmann, Frank"]
[Black "Gashi, Gani"]
[Result "1-0"]
[Time "15:00:00"]
[UTCTime "13:00:00"]
[UTCDate "2023.04.28"]
[Board "4.2"]
[WhiteTeam "Germany"]
[BlackTeam "Kosovo"]
[WhiteCountry "GER"]
[BlackCountry "KOS"]
[WhiteTitle "CM"]
[BlackTitle "-"]
[WhiteElo "1936"]
[BlackElo "1741"]
[TimeControl "5400+30"]
[Opening "Caro-Kann"]
[Variation "advance variation"]
[ECO "B12"]
[PlyCount "119"]
[EventDate "2023.04.20"]
[EventType "team"]
[EventRounds "9"]
[EventCountry "ITA"]
[Annotator "Vrioni, Bersan"]

1. e4 c6 2. d4 d5 3. e5 Bf5 4. Nf3 h6 5. Be2 e6 6. O-O Nd7 7. Nbd2 Bb4 8. Nb3
Qc7 9. a3 Be7 10. Ne1 f6 11. f4 O-O-O 12. Bg4 g6 13. Be3 Kb8 14. Nd3 Bxd3 15.
Qxd3 f5 16. Bf3 c5 17. Qd2 c4 18. Nc1 Rc8 19. Ne2 g5 20. fxg5 hxg5 21. Bxg5 Qd8
22. Bf4 Nf8 23. Be3 Ng6 24. Nf4 Nxf4 25. Bxf4 Bf8 26. b3 Bh6 27. Bxh6 Rxh6 28.
h3 Qb6 29. bxc4 Rxc4 30. c3 Qc7 31. Rfc1 Qg7 32. Kf1 Qg3 33. Qf2 Rg6 34. Qxg3
Rxg3 35. Kf2 Rg7 36. Be2 Rc8 37. c4 Rgc7 38. c5 Ne7 39. Rab1 Nc6 40. Ke3 Rg8 41.
Bf3 Rh7 42. Rb5 a6 43. Rb6 Na5 44. Rxe6 Nc4+ 45. Kf2 Nxa3 46. Rd6 Kc7 47. Bxd5
Rd8 48. Rxd8 Kxd8 49. c6 bxc6 50. Bxc6 Rc7 51. d5 Nb5 52. Rb1 Nd4 53. Rb8+ Rc8
54. Rxc8+ Kxc8 55. Ba4 f4 56. h4 Kd8 57. h5 Ke7 58. h6 Kf7 59. e6+ Kf6 60. h7 1-0

[Event "2023 IBCA European Team Championship for the Blind and Visually Impaired"]
[Site "Genoa, Italy"]
[Date "2023.04.28"]
[Round "8"]
[White "Dyballa, Gerhard"]
[Black "Berisha, Xhafer"]
[Result "1-0"]
[Time "15:00:00"]
[UTCTime "13:00:00"]
[UTCDate "2023.04.28"]
[Board "4.4"]
[WhiteTeam "Germany"]
[BlackTeam "Kosovo"]
[WhiteCountry "GER"]
[BlackCountry "KOS"]
[WhiteTitle "-"]
[BlackTitle "-"]
[WhiteElo "1912"]
[BlackElo "1448"]
[TimeControl "5400+30"]
[Opening "English"]
[Variation "symmetrical variation"]
[ECO "A37"]
[PlyCount "79"]
[EventDate "2023.04.20"]
[EventType "team"]
[EventRounds "9"]
[EventCountry "ITA"]
[Annotator "Vrioni, Bersan"]

1. c4 c5 2. Nc3 Nc6 3. g3 g6 4. Bg2 Bg7 5. Nf3 d6 6. O-O e5 7. d3 Nge7 8. Bd2
O-O 9. Ne1 Rb8 10. Nc2 b6 11. Ne3 Be6 12. Rb1 Qd7 13. Ned5 Bh3 14. b4 Bxg2 15.
Kxg2 cxb4 16. Nxe7+ Nxe7 17. Rxb4 Rfd8 18. e4 h6 19. Rb1 f5 20. f3 Rf8 21. Qb3
Kh7 22. Qb5 Qb7 23. Nd5 Nxd5 24. cxd5 Rf7 25. Rfc1 Rc8 26. Rc6 Bf8 27. Rbc1 Rfc7
28. Qc4 Rxc6 29. dxc6 Qe7 30. c7 fxe4 31. dxe4 d5 32. exd5 Qc5 33. Qe4 Qd4 34.
Qxd4 exd4 35. Bf4 g5 36. d6 gxf4 37. d7 Rxc7 38. Rxc7 Be7 39. d8=Q Kg6 40. Rxe7 1-0

[Event "2023 IBCA European Team Championship for the Blind and Visually Impaired"]
[Site "Genoa, Italy"]
[Date "2023.04.28"]
[Round "8"]
[White "Kljaic, Kresimir"]
[Black "Saez Gabikagogeaskoa, Oscar"]
[Result "0-1"]
[Time "15:00:00"]
[UTCTime "13:00:00"]
[UTCDate "2023.04.28"]
[Board "5.3"]
[WhiteTeam "Croatia"]
[BlackTeam "Spain"]
[WhiteCountry "CRO"]
[BlackCountry "ESP"]
[WhiteTitle "-"]
[BlackTitle "-"]
[WhiteElo "1520"]
[BlackElo "1979"]
[TimeControl "5400+30"]
[Opening "Sicilian defence"]
[ECO "B30"]
[PlyCount "76"]
[EventDate "2023.04.20"]
[EventType "team"]
[EventRounds "9"]
[EventCountry "ITA"]
[Annotator "Vrioni, Bersan"]

1. e4 c5 2. Nf3 Nc6 3. g3 g6 4. Bg2 Bg7 5. c3 d6 6. h3 Nf6 7. d3 O-O 8. O-O Rb8
9. a4 a6 10. Re1 Qc7 11. d4 Nd7 12. Na3 b5 13. axb5 axb5 14. Nc2 Nb6 15. Ne3 e6
16. b3 Bd7 17. Bb2 Ra8 18. Qe2 Na5 19. Qc2 cxd4 20. Nxd4 Bxd4 21. cxd4 Qxc2 22.
Nxc2 Nxb3 23. Rxa8 Rxa8 24. Re3 Nd2 25. Bc3 Ndc4 26. Rd3 Ra2 27. Nb4 Ra3 28. Bf1
Na4 29. Be1 Ra1 30. Bd2 Nab2 31. Bc3 Nxd3 32. Nxd3 Ra3 33. Bb4 Ra1 34. Be1 Bc6
35. e5 dxe5 36. dxe5 Rb1 37. Bc3 Bf3 38. Ne1 Bd5 0-1

[Event "2023 IBCA European Team Championship for the Blind and Visually Impaired"]
[Site "Genoa, Italy"]
[Date "2023.04.28"]
[Round "8"]
[White "Ursic, Aleksander"]
[Black "Selkovski, Zarko"]
[Result "1/2-1/2"]
[Time "15:00:00"]
[UTCTime "13:00:00"]
[UTCDate "2023.04.28"]
[Board "6.1"]
[WhiteTeam "Slovenia"]
[BlackTeam "North Macedonia"]
[WhiteCountry "SLO"]
[BlackCountry "MKD"]
[WhiteTitle "-"]
[BlackTitle "-"]
[WhiteElo "1834"]
[BlackElo "1920"]
[TimeControl "5400+30"]
[Opening "Trompovsky attack (Ruth, Opovcensky opening)"]
[ECO "A45"]
[PlyCount "76"]
[EventDate "2023.04.20"]
[EventType "team"]
[EventRounds "9"]
[EventCountry "ITA"]
[Annotator "Vrioni, Bersan"]

1. d4 Nf6 2. Bg5 g6 3. Bxf6 exf6 4. e3 Bg7 5. Ne2 b6 6. Nf4 Bb7 7. Be2 O-O 8.
O-O d5 9. Nd2 f5 10. Bf3 c6 11. c4 Qd6 12. cxd5 cxd5 13. Qb3 Rd8 14. Rfc1 Bh6
15. g3 g5 16. Nd3 Nc6 17. a3 g4 18. Bg2 Nxd4 19. Qd1 Ne6 20. Nb3 Bg7 21. Rab1
Rab8 22. Nf4 Nxf4 23. gxf4 d4 24. Bxb7 Rxb7 25. Qc2 dxe3 26. fxe3 Qe6 27. Kf2
Re7 28. Re1 Rc8 29. Qd3 Rd7 30. Nd4 Bxd4 31. exd4 Qd5 32. Rbd1 Rcd8 33. Qc3 Qd6
34. Re5 Qf6 35. d5 Kg7 36. Qd3 Kg6 37. Kg3 h5 38. h4 Rd6 1/2-1/2